 Seeded DCSS version 0.30.0-10-gfe55d96785 (webtiles) character file.

Game seed: 6734660168287697571 (custom seed)

51 Pimp the Shooter (level 3, 21/21 HPs)
             Began as a Deep Elf Hunter on May 13, 2023.
             Quit the game on level 2 of the Dungeon.
             The game lasted 00:01:40 (399 turns).

Pimp the Shooter (Deep Elf Hunter)                   Turns: 399, Time: 00:01:41

Health: 21/21      AC:  3    Str:  8    XL:     3   Next: 57%
Magic:  5/5        EV: 13    Int: 13    God:
Gold:   32         SH:  0    Dex: 20    Spells: 2/2 levels left

rFire   . . .        a - +0 shortbow
rCold   . . .        (shield currently unavailable)
rNeg    . . .        c - +0 leather armour
rPois   .            (no helmet)
rElec   .            (no cloak)
rCorr   .            (no gloves)
SInv    .            (no boots)
Will    .....        (no amulet)
Stlth   ++           (no ring)
HPRegen 0.23/turn    (no ring)
MPRegen 0.09/turn

%: no passive effects
@: no status effects
A: no striking features
a: no special abilities


You were on level 2 of the Dungeon.
You visited 1 branch of the dungeon, and saw 2 of its levels.

You collected 32 gold pieces.

Inventory:

Hand Weapons
 a - a +0 shortbow (weapon)
 d - a +1 falchion of protection
Armour
 c - a +0 leather armour (worn)
Wands
 e - a wand of roots (3)
Scrolls
 b - 2 scrolls of immolation
 g - a scroll of acquirement
Potions
 f - a potion of ambrosia {unknown}


   Skills:
 + Level 2.1 Fighting
 + Level 5.8 Ranged Weapons
 + Level 3.2 Dodging
 + Level 2.4 Stealth


You had 2 spell levels left.
You didn't know any spells.
Your spell library contained the following spells:

 Spells                   Type           Power      Damage    Failure   Level
 Ensorcelled Hibernation  Hex/Ice        0%         N/A       56%         2
 Passwall                 Tmut/Erth      0%         N/A       56%         2
 Swiftness                Air            0%         N/A       80%         3
 Tukima's Dance           Hex            0%         N/A       80%         3
 Passage of Golubria      Tloc           0%         N/A       99%         4
 Yara's Violent Unravell  Hex/Tmut       0%         3d3       100%        5


Dungeon Overview and Level Annotations

Branches:
Dungeon (2/15)

Altars:


Message History

You have reached level 3!
Your experience leads to an increase in your attributes!
Increase (S)trength, (I)ntelligence, or (D)exterity?
You feel agile. x2
You start resting.
You feel your willpower return.
You start resting.
You feel yourself speed up.
You start resting.
HP restored.
You see here the felid corpse of Natasha.
A giant cockroach comes into view.
Found a runed falchion and a barding.
Found a plate armour.
Found a faded altar of an unknown god.
You see here a +1 falchion of protection.
d - a +1 falchion of protection You shoot an arrow.
The arrow hits the giant cockroach.
You kill the giant cockroach!
You see here a +0 barding.
Found a stone staircase leading down.
A dart slug comes into view.
A dart slug is nearby!
You shoot an arrow. The arrow hits the dart slug!
You kill the dart slug!
No target in view!
There is a stone staircase leading down here.
Found a stone staircase leading up.
e - a wand of roots (3)
Found 5 boomerangs.
You now have 23 gold pieces (gained 16).
You now have 32 gold pieces (gained 9).
f - an inky potion A goblin comes into view.
It is wielding a +0 dagger.
Found a club.
There is a stone staircase leading up here.
g - a scroll labelled AGEOMI EMOY
There is a stone staircase leading up here.
This is a scroll of acquirement!
Are you sure you want to abandon this character and quit the game? (Confirm with "yes".)

....
#.......####.#
P_ ###
#..#.#..# .#
#.......# #.
#.##.#.## #.
#......# #.
####.### ##
#.# #.# #@#
#.# #.# #.#
###.####
#......#
#.#.##.# #.#.#
# #.#..


There were no monsters in sight!

Vanquished Creatures
  Natasha (D:2)
  2 dart slugs
  A ball python (D:1)
  A bat (D:1)
  An endoplasm (D:1)
  3 giant cockroaches
  A hobgoblin (D:1)
  3 kobolds (D:1)
  3 quokkas (D:1)
  A frilled lizard (D:1)
  2 goblins (D:1)
  2 rats (D:1)
21 creatures vanquished.

Notes
Turn   | Place    | Note
-------+----------+-------------------------------------------
     0 | D:1      | Pimp the Deep Elf Hunter began the quest for the Orb.
     0 | D:1      | Reached XP level 1. HP: 12/12 MP: 3/3
    85 | D:1      | Reached XP level 2. HP: 14/17 MP: 4/4
   214 | D:1      | You fall into a shaft and drop 1 floor!
   229 | D:2      | Noticed Natasha
   241 | D:2      | Killed Natasha
   242 | D:2      | Reached XP level 3. HP: 4/21 MP: 5/5
   313 | D:2      | Found a faded altar of an unknown god.
   399 | D:2      | Identified a scroll of acquirement
   399 | D:2      | Quit the game

Illustrated notes

Levels and vault maps discovered:
D:1:      ncdulo_halloftheorcs, layout_basic, minmay_bisected
D:2:      layout_loops_cross, ebering_ecumenical_altar_petrified,
          grunt_decor_clamped, uniq_natasha

Skill      XL: |  1  2 |
---------------+-------+-----
Stealth        | 2 |  2.4
Fighting       | 2 |  2.1
Dodging        | 3 |  3.2
Ranged Weapons | |  5.8

Action                     || total
---------------------------++-------
   Fire: Shortbow          ||    58
    Use: Scroll            ||     2
         Potion            ||     1
 Armour: Leather armour    ||     5
  Dodge: Dodged            ||    21
